 Dungeon Crawl Stone Soup version 0.13-a0-1577-g2bae144 (webtiles) character file.

575 Kae the Stinger (level 6, -4/42 HPs)
             Began as a Demonspawn Wanderer on June 11, 2013.
             Slain by an ogre
             ... wielding a +0,+0 giant spiked club
              (27 damage)
             ... on Level 4 of the Dungeon on June 12, 2013.
             The game lasted 00:09:20 (3556 turns).

Kae the Stinger (Demonspawn Wanderer)               Turns: 3556, Time: 00:09:20

HP  -4/42        AC  3     Str 14      XL: 6   Next: 13%
MP   6/14        EV 11     Int 12      God:
Gold 275         SH  0     Dex 14      Spells:  4 memorised,  6 levels left

Res.Fire  : + . .   See Invis. : .   x - +1,+2 orc dagger
Res.Cold  : x . .   Warding    : .   b - +0 robe
Life Prot.: . . .   Conserve   : .   (no shield)
Res.Poison: .       Res.Corr.  : .   (helmet restricted)
Res.Elec. : .       Clarity    : .   n - +0 cloak
Sust.Abil.: . .     Spirit.Shd : .   (no gloves)
Res.Mut.  : .       Stasis     : .   (no boots)
Res.Rott. : .       Flight     : .   (no amulet)
Saprovore : . . .                    (no ring)
                                     u - ring of fire

@: slightly resistant to hostile enchantments, unstealthy
A: horns 1, powered by pain 1
a: no special abilities


You were on level 4 of the Dungeon.
You were not hungry.

You visited 1 branch of the dungeon, and saw 4 of its levels.

You collected 225 gold pieces.

Inventory:

Hand weapons
 c - a +0,+0 club (quivered)
 x - a +1,+2 orcish dagger (weapon)
Armour
 b - a +0 robe (worn)
 n - a +0 cloak (worn)
Comestibles
 d - 3 bread rations
 g - 2 meat rations
 B - 3 rotting chunks of jackal flesh
Scrolls
 e - a scroll of noise {unknown}
 f - a scroll of random uselessness {unknown}
 h - 4 scrolls of remove curse {unknown}
 i - a scroll of amnesia {unknown}
 j - 2 scrolls of enchant weapon II {unknown}
 k - 3 scrolls of teleportation {unknown}
 l - 3 scrolls of identify {unknown}
 r - 3 scrolls of blinking {unknown}
 t - 2 scrolls of fog {unknown}
 v - a scroll of fear {unknown}
 y - a scroll of enchant weapon I {unknown}
Jewellery
 p - an uncursed ring of sustenance {unknown}
 u - a ring of fire (left hand)
 w - an uncursed ring of protection from cold {unknown}
Potions
 m - 2 potions of restore abilities {unknown}
 q - a potion of magic {unknown}
 s - a potion of curing
 A - a potion of paralysis {unknown}
 C - a potion of agility {unknown}
Books
 a - a Young Poisoner's Handbook

   Spells                             Type                      Level
   *Sting                             Conjuration/Poison           1
   *Cure Poison                       Poison                       2
   *Mephitic Cloud                    Conjuration/Poison/Air       3
   Olgreb's Toxic Radiance            Poison                       4
   Venom Bolt                         Conjuration/Poison           5


   Skills:
   Level 1.0 Shields
 + Level 4.3 Spellcasting
 + Level 2.2 Conjurations
   Level 1.7 Ice Magic
 * Level 5.0 Poison Magic
   Level 1.0 Evocations


You had 6 spell levels left.
You knew the following spells:

 Your Spells              Type           Power        Failure   Level  Hunger
a - Beastly Appendage     Trmt           #.....       21%         1    None
b - Sting                 Conj/Pois      ##..         6%          1    None
c - Cure Poison           Pois           ##........   4%          2    ##.....
d - Mephitic Cloud        Conj/Pois/Air  #.......     24%         3    ###....


Dungeon Overview and Level Annotations

Branches:
Dungeon (4/27)
 Temple: D:4-7

Altars:
Makhleb


Innate Abilities, Weirdness & Mutations

You have a pair of small horns on your head.
You sometimes gain a little power by taking damage.


Message History

Aiming: Sting
Press: ? - help, Shift-Dir - straight line, f/p - gnoll
Aim: a gnoll, wielding a spear (heavily wounded)
The sting misses the gnoll.
The gnoll misses you.
Casting: Sting
Confirm with . or Enter, or press ? or * to list all spells.
Aiming: Sting
Press: ? - help, Shift-Dir - straight line, f/p - gnoll
Aim: a gnoll, wielding a spear (heavily wounded)
The sting hits the gnoll.
The gnoll is poisoned.
The gnoll is severely wounded.
The ogre closely misses you. The gnoll hits you but does no damage.
You hit the gnoll.
The gnoll is severely wounded.
The ogre closely misses you. The gnoll closely misses you.
You hit the gnoll.
You kill the gnoll!
The ogre hits you with a giant spiked club!
Ouch! That really hurt!
You die...

###### #....# #....#
#...)# #....# ###....#
#$.....# #...@### #..O)#
#....#
####..%.################
............%............
####.###################
#. # .< # ..# ..#######


You could see an ogre.

Vanquished Creatures
  An orc priest (D:3)
  2 orc wizards (D:3)
  2 worker ants
  4 gnolls (D:4)
  5 adders
  A worm (D:3)
  A giant eyeball (D:4)
  2 giant geckos
  8 orcs (D:3)
  A ball python (D:3)
  3 giant cockroaches (D:1)
  4 goblins
  9 hobgoblins
  11 kobolds
  7 bats
  3 giant newts
  5 jackals
  5 rats
  2 toadstools (D:1)
76 creatures vanquished.

Vanquished Creatures (others)
  A kobold (D:1)
  2 toadstools (D:1)
3 creatures vanquished.

Grand Total: 79 creatures vanquished

Notes
Turn   | Place    | Note
--------------------------------------------------------------
     0 | D:1      | Kae, the Demonspawn Wanderer, began the quest for the Orb.
     0 | D:1      | Reached XP level 1. HP: 14/14 MP: 3/3
     2 | D:1      | Learned a level 1 spell: Sting
   679 | D:1      | Gained mutation: You sometimes gain a little power by taking damage. [demonic ancestry]
   679 | D:1      | Reached XP level 2. HP: 15/20 MP: 0/5
  1319 | D:2      | Reached XP level 3. HP: 10/25 MP: 4/7
  1734 | D:3      | Learned a level 2 spell: Cure Poison
  1949 | D:3      | Gained mutation: You have a pair of small horns on your head. [demonic ancestry]
  1949 | D:3      | Reached XP level 4. HP: 7/31 MP: 1/9
  2320 | D:3      | Reached skill level 4 in Poison Magic
  2353 | D:3      | Reached XP level 5. HP: 29/36 MP: 8/11
  2537 | D:3      | Found a burning altar of Makhleb.
  2538 | D:3      | Noticed an iron devil
  3111 | D:3      | Learned a level 3 spell: Mephitic Cloud
  3473 | D:4      | Reached XP level 6. HP: 40/42 MP: 8/14
  3488 | D:4      | Reached skill level 5 in Poison Magic
  3549 | D:4      | Noticed an ogre
  3556 | D:4      | Slain by an ogre

Action                   |  1- 3 |  4- 6 || total
-------------------------+-------+-------++-------
Melee: Club              |    67 |    44 ||   111
       Dagger            |       |    11 ||    11
 Cast: Sting             |    55 |    92 ||   147
       Beastly Appendage |     2 |       ||     2
       Cure Poison       |     1 |     1 ||     2
  Use: Potion            |       |     1 ||     1
